AoeStats
← Runxi24

Arena

507830396Analyzed
3v3 RM · 13d ago on Sep 19, 2026· 44m 33s· 6 players
Game mode
Random Map
Map size
Normal (6 player)
Population
200
Speed
Normal
Resources
Standard
Victory
Conquest
Starting age
Dark Age
Ending age
Imperial Age
RankedLock teamsTeams togetherTeam positionsShared explorationLock speedFull tech treeHidden civsTurbo modeCheats
Victory
Defeat
🇹🇷 Japanese · Türkiye
1243
+17
🇹🇷 Hindustanis · Türkiye
1216
+18
🇹🇷 Khmer · Türkiye
1085
+24
🇦🇷 Burgundians · Argentina
1286
-21
🇨🇦 Spanish · Canada
1260
-20
🇪🇸 Bohemians · Spain
1228
-18
Bugzy
11:03 Feudal Age
14:49 Castle Age
13:11 Loom
15:24 Double-Bit Axe
28:18 Town Watch
31:12 Imperial Age
31:12 Bow Saw
30:43 Horse Collar
31:40 Wheelbarrow
33:19 Padded Archer Armor
35:09 Leather Archer Armor
36:00 Bloodlines
35:52 Husbandry
40:56 Ring Archer Armor
41:11 Scale Barding Armor
41:17 Forging
41:19 Cavalier
Runxi24
10:40 Feudal Age
15:01 Castle Age
13:12 Double-Bit Axe
13:19 Horse Collar
17:27 Wheelbarrow
18:24 Bow Saw
20:31 Fervor
20:37 Heavy Plow
23:06 Loom
24:54 Hand Cart
28:26 Imperial Age
27:14 Chemistry
26:03 Pikeman
26:43 Squires
26:48 Scale Mail Armor
27:00 Forging
28:36 Chain Mail Armor
28:56 Iron Casting
28:59 Sanctity
29:11 Halberdier
31:30 Plate Mail Armor
32:37 Blast Furnace
32:05 Arson
33:04 Houfnice
35:59 Wagenburg Tactics
36:15 Conscription
36:50 Siege Engineers
37:06 Ballistics
40:22 Fletching
40:32 Padded Archer Armor
40:41 Elite Skirmisher
42:28 Bodkin Arrow
44:16 Bracer
44:32 Leather Archer Armor
eze
11:14 Feudal Age
9:42 Double-Bit Axe
9:45 Horse Collar
15:29 Castle Age
15:01 Bow Saw
17:38 Heavy Plow
22:02 Crop Rotation
23:52 Wheelbarrow
23:03 Town Watch
23:38 Loom
24:42 Gold Mining
24:44 Stone Mining
31:19 Imperial Age
29:06 Hand Cart
29:27 Sanctity
32:52 Scale Barding Armor
34:31 Forging
39:00 Cavalier
40:23 Forging
D.M.G.
12:10 Feudal Age
15:44 Castle Age
17:23 Wheelbarrow
16:36 Double-Bit Axe
16:33 Horse Collar
23:22 Heavy Plow
25:07 Bow Saw
29:00 Imperial Age
26:34 Grand Trunk Road
26:51 Forging
27:47 Husbandry
29:23 Bloodlines
29:52 Iron Casting
29:23 Scale Barding Armor
30:16 Conscription
29:36 Heavy Camel Rider
31:39 Chemistry
31:28 Hand Cart
31:51 Fletching
32:23 Chain Barding Armor
32:43 Bodkin Arrow
32:49 Padded Archer Armor
35:16 Two-Man Saw
35:05 Shatagni
35:08 Bracer
35:24 Leather Archer Armor
37:56 Ring Archer Armor
40:15 Imperial Camel Rider
41:57 Light Cavalry
HT
10:36 Feudal Age
14:44 Castle Age
13:56 Double-Bit Axe
17:17 Bow Saw
19:16 Horse Collar
21:34 Gold Mining
23:07 Wheelbarrow
22:42 Loom
23:14 Scale Mail Armor
25:44 Forging
26:19 Squires
28:16 Chain Mail Armor
29:35 Heavy Plow
30:41 Iron Casting
29:53 Arson
34:53 Imperial Age
34:08 Hand Cart
33:39 Town Watch
35:08 Elite Samurai
35:09 Capped Ram
35:17 Elite Skirmisher
35:50 Fletching
38:02 Two-Man Saw
37:40 Gold Shaft Mining
37:10 Bodkin Arrow
38:11 Bracer
38:42 Ballistics
39:41 Chemistry
39:38 Padded Archer Armor
40:35 Leather Archer Armor
42:36 Plate Mail Armor
tostostos
9:53 Loom
12:28 Feudal Age
16:11 Castle Age
16:18 Castle Age
16:40 Castle Age
14:54 Double-Bit Axe
15:35 Stone Mining
17:55 Wheelbarrow
17:03 Horse Collar
30:14 Fletching
30:24 Padded Archer Armor
31:12 Bodkin Arrow
33:15 Ballistics
32:54 Elite Skirmisher
34:43 Heavy Plow
36:40 Leather Archer Armor
36:55 Forging
39:31 Bow Saw
43:25 Iron Casting
Connection lost

Rejoining the realm…

Still unreachable

The connection could not be restored.

Session expired

The server has moved on; the page needs a fresh start.